 Dungeon Crawl Stone Soup version 0.24-a0-67-ga78bd38 (webtiles) character file.

Game seed: 13235933058449334749

102 Amnesiac the Cutter (level 4, -2/23 HPs)
             Began as a Vine Stalker Monk on Feb 5, 2019.
             Slain by a gnoll
             ... wielding a +2 spear of venom
              (11 damage)
             ... on level 2 of the Dungeon.
             The game lasted 00:01:46 (1284 turns).

Amnesiac the Cutter (Vine Stalker Monk)             Turns: 1284, Time: 00:01:46

Health: -2/23      AC:  2    Str: 14    XL:     4   Next: 78%
Magic:  0/5        EV: 13    Int: 10    God:
Gold:   36         SH:  0    Dex: 17    Spells: 3/3 levels left

rFire    . . .     SeeInvis .   a - +0 short sword
rCold    . . .     Gourm    .   (no shield)
rNeg     . . .     Faith    .   b - +0 robe
rPois    .         Spirit   +   (no helmet)
rElec    .         Reflect  .   (no cloak)
rCorr    .         Harm     .   (no gloves)
MR       .....                  (no boots)
Stlth    ++........             (no amulet)
HPRegen  0.47/turn              (no ring)
MPRegen  0.09/turn              (no ring)

@: lethally poisoned (-2 -> -4)
A: fangs 2, regeneration 1, magic shield, antimagic bite, no potion heal 3, rot
immunity
a: no special abilities


You were on level 2 of the Dungeon.
You were not hungry.

You visited 1 branch of the dungeon, and saw 2 of its levels.

You collected 36 gold pieces.

Inventory:

Hand Weapons
 a - a +0 short sword (weapon)
Armour
 b - a +0 robe (worn)
Jewellery
 f - an uncursed ring of fire
Scrolls
 e - 4 scrolls of identify {!r, unknown}
 g - 3 scrolls of immolation {!r, unknown}
 h - 2 scrolls of remove curse {!r, unknown}
 j - a scroll of noise {!r, unknown}
 l - a scroll of teleportation {!r, unknown}
 m - a scroll of magic mapping {!r, unknown}
Potions
 i - a potion of resistance {!q, unknown}
 k - a potion of haste {!q, unknown}
Comestibles
 c - 3 rations
 d - 6 chunks of flesh


   Skills:
 - Level 2.6 Fighting
 + Level 4.9 Short Blades
 - Level 2.4 Dodging
 - Level 2.4 Stealth


You had 3 spell levels left.
You didn't know any spells.
Your spell library was empty.

Dungeon Overview and Level Annotations

Branches:
Dungeon (2/15)

Altars:


Innate Abilities, Weirdness & Mutations

You have extremely sharp teeth.
Your natural rate of healing is unusually fast.
When hurt, damage is shared between your health and your magic reserves.
Your bite disrupts and absorbs the magic of your enemies.
Potions cannot restore your health.
You are immune to rotting.


Message History

You hit the worm but do no damage. You bite the worm.
You kill the worm!
No target in view!
You see here a rat corpse.
You butcher the rat corpse.
d - 6 chunks of flesh (gained 1)
You see here a rat skeleton.
Some of the chunks of flesh in your inventory have rotted away.
You see here a rat skeleton.
You open the door.
There is an open door here.
There is an open door here.
A hobgoblin comes into view.
A hobgoblin is nearby!
The hobgoblin shouts!
The hobgoblin closely misses you.
You barely miss the hobgoblin. The hobgoblin hits you.
You hit the hobgoblin but do no damage. You bite the hobgoblin.
You drain its power.
The hobgoblin is heavily wounded.
The hobgoblin hits you but does no damage.
You closely miss the hobgoblin.
The hobgoblin is heavily wounded.
The hobgoblin misses you.
You hit the hobgoblin.
You kill the hobgoblin!
You see here a hobgoblin corpse.
You butcher the hobgoblin corpse.
d - 6 chunks of flesh (gained 4)
You see here a hobgoblin skeleton. x2
There is an open door here. 2 gnolls come into view.
A gnoll is wielding a +2 spear of venom.
The gnoll shouts!
There is an open door here.
There are monsters nearby!
There are monsters nearby!
The gnoll shouts!
A gnoll comes into view. It is wielding a +0 halberd.
There is an open door here.
There is an open door here.
You closely miss the gnoll. The gnoll barely misses you.
You hit the gnoll. You bite the gnoll. You drain its power.
The gnoll is severely wounded.
The gnoll misses you.
You hit the gnoll but do no damage.
The gnoll is severely wounded.
You barely miss the gnoll.
The gnoll is severely wounded.
The gnoll completely misses you.
The gnoll hits you from afar with a +2 spear of venom.
You are poisoned.
You hit the gnoll. You bite the gnoll, but do no damage.
The gnoll is almost dead.
You feel sick. The gnoll closely misses you.
You completely miss the gnoll.
The gnoll is almost dead.
You feel sick. The gnoll closely misses you.
You completely miss the gnoll.
The gnoll is almost dead.
You feel sick. The gnoll hits you with a +0 flail!
* * * LOW HITPOINT WARNING * * *
The gnoll hits you from afar with a +2 spear of venom!
You die...

.# #...÷# #.##.## .# #....#
#<##..# .# #....#####.###.#
.######.......[..# #.#
.......#############.####
######...........#......######
.............................#
#################............#
..............÷.@.....########
#################g....#
#.gg..'g....# #.#####.....#
#..<..# #.....# #.....#
#>....# #.....#


You could see 2 gnolls.

Vanquished Creatures
  Terence (D:2)
  3 adders (D:2)
  2 worms (D:2)
  4 leopard geckos (D:2)
  A ball python (D:1)
  A giant cockroach (D:1)
  4 goblins
  5 hobgoblins
  2 jackals (D:2)
  4 kobolds (D:1)
  6 bats
  2 frilled lizards
  6 rats
41 creatures vanquished.

Notes
Turn   | Place    | Note
-------+----------+-------------------------------------------
     0 | D:1      | Amnesiac the Vine Stalker Monk began the quest for the Orb.
     0 | D:1      | Reached XP level 1. HP: 11/11 MP: 2/2
   118 | D:2      | Noticed Terence
   144 | D:1      | Reached skill level 3 in Short Blades
   181 | D:1      | Reached XP level 2. HP: 13/16 MP: 3/3
   532 | D:2      | Reached XP level 3. HP: 19/19 MP: 4/4
   572 | D:2      | Reached skill level 4 in Short Blades
   951 | D:2      | Gained mutation: Your natural rate of healing is unusually
                  | fast. [Vine Stalker growth]
   951 | D:2      | Reached XP level 4. HP: 2/23 MP: 3/5
  1129 | D:2      | Killed Terence
  1284 | D:2      | Slain by a gnoll

Vault maps used:
D:1:      dpeg_arrival_tiny_a
D:2:      uniq_terence, uniq_crazy_yiuf_cottage

Skill      XL: |  1  2  3 |
---------------+----------+-----
Short Blades   | 3 4 |  4.9
Fighting       | |  2.6
Dodging        | |  2.4
Stealth        | |  2.4

Action                   |  1- 3 |  4- 6 || total
-------------------------+-------+-------++-------
Melee: Short sword       |    95 |    73 ||   168
       Bite              |    20 |    27 ||    47
 Stab: Sleeping          |     3 |       ||     3
  Eat: Chunk             |       |     1 ||     1
Armor: Robe              |    21 |     5 ||    26
Dodge: Dodged            |    79 |    33 ||   112

Table legend:
 A = Non-vault XP
 B = Vault XP
 C = Vault XP percentage of total XP
 D = Non-vault monster count
 E = Vault monster count
 F = Vault count percentage of total count
                 A         B        C        D         E       F
            +---------+---------+-------+---------+---------+-------
      Total |     111 |      36 |  24.5 |      40 |       1 |   2.4
            +---------+---------+-------+---------+---------+-------
        D:1 |      31 |       0 |   0.0 |      19 |       0 |   0.0
        D:2 |      80 |      36 |  31.0 |      21 |       1 |   4.5
            +---------+---------+-------+---------+---------+-------
